BSA
KALAMAZOO ROYALE WITH CHEESE @ HENDERSONVILLE HITMEN
08/07/2029
 
TOP OF THE 1ST
Kalamazoo Royale with Cheese batting - Pitching for Hendersonville Hitmen : RHP Tim Hill
Pitching: RHP Tim Hill
Batting: LHB Javier Espinoza 0-0: Ball
1-0: Foul Ball, location: 2F
1-1: Ground out 6-3 (Groundball, 56D)
Batting: SHB Caden Keith 0-0: SINGLE (Line Drive, 4M)
Batting: LHB Vincente Sáenz 0-0: Ball
Caden Keith steals 2nd base
1-0: Called Strike
1-1: Ball
2-1: Ground out 5-3 (Groundball, 56S)
Caden Keith to third
Batting: LHB Roberto Sandoval 0-0: SINGLE (Line Drive, 8RS)
Caden Keith scores
Batting: RHB Zander Tremblett 0-0: Ball
1-0: SINGLE (Groundball, 56D)
Roberto Sandoval to second
Batting: LHB Bill McJannett 0-0: Swinging Strike
0-1: Foul Ball, location: 2F
0-2: Foul Ball, location: 2F
0-2: Foul Ball, location: 2F
0-2: Ball
1-2: Ball
2-2: Strikes out swinging
Top of the 1st over - 1 run, 3 hits, 0 errors, 2 left on base; Kalamazoo 1 - Hendersonville 0
BOTTOM OF THE 1ST
Hendersonville Hitmen batting - Pitching for Kalamazoo Royale with Cheese : RHP Jason Taylor
Pitching: RHP Jason Taylor
Batting: SHB José Estreito 0-0: Ball
1-0: Called Strike
1-1: Foul Ball, location: 2F
1-2: Foul Ball, location: 2F
1-2: Ball
2-2: Ball
3-2: Strikes out looking
Batting: SHB Miguel González 0-0: Ball
1-0: Ball
2-0: Foul Ball, location: 2F
2-1: Fly out, F3 (Line Drive, 34)
Batting: LHB Tommy Payne 0-0: Ball
1-0: Fly out, F9 (Flyball, 9LD)
Bottom of the 1st over - 0 runs, 0 hits, 0 errors, 0 left on base; Kalamazoo 1 - Hendersonville 0
TOP OF THE 2ND
Kalamazoo Royale with Cheese batting - Pitching for Hendersonville Hitmen : RHP Tim Hill
Batting: LHB Ron Robinson 0-0: Ball
1-0: Foul Ball, location: 2F
1-1: Ball
2-1: Foul Ball, location: 2F
2-2: Strikes out swinging
Batting: LHB Francisco Calderón 0-0: Fly out, F7 (Flyball, 7S)
Batting: LHB Keith Tillman 0-0: Foul Ball, location: 2F
0-1: Called Strike
0-2: Ground out 6-3 (Groundball, 6)
Top of the 2nd over - 0 runs, 0 hits, 0 errors, 0 left on base; Kalamazoo 1 - Hendersonville 0
BOTTOM OF THE 2ND
Hendersonville Hitmen batting - Pitching for Kalamazoo Royale with Cheese : RHP Jason Taylor
Batting: LHB Robert Phillips 0-0: Foul Ball, location: 2F
0-1: Foul Ball, location: 2F
0-2: Fly out, F7 (Flyball, 78M)
Batting: SHB Rick Turner 0-0: Foul Ball, location: 2F
0-1: Ground out 5-3 (Groundball, 56)
Batting: LHB Pedro Rodríguez 0-0: Ball
1-0: Ball
2-0: Called Strike
2-1: Ground out 1-3 (Groundball, 13)
Bottom of the 2nd over - 0 runs, 0 hits, 0 errors, 0 left on base; Kalamazoo 1 - Hendersonville 0
TOP OF THE 3RD
Kalamazoo Royale with Cheese batting - Pitching for Hendersonville Hitmen : RHP Tim Hill
Batting: LHB Javier Espinoza 0-0: Ball
1-0: Foul Ball, location: 2F
1-1: Swinging Strike
1-2: Ball
2-2: Ball
3-2: Strikes out swinging
Batting: SHB Caden Keith 0-0: Foul Ball, location: 2F
0-1: Foul Ball, location: 2F
0-2: Ball
1-2: Fly out, F8 (Flyball, 8RM)
Batting: LHB Vincente Sáenz 0-0: Called Strike
0-1: Called Strike
0-2: Ball
1-2: Ball
2-2: DOUBLE (Line Drive, 8LD)
Batting: LHB Roberto Sandoval 0-0: Ball
1-0: Ball
2-0: Ball
3-0: Called Strike
3-1: Foul Ball, location: 2F
3-2: DOUBLE (Line Drive, 9LM)
Vincente Sáenz scores
Batting: RHB Zander Tremblett 0-0: Called Strike
0-1: Ball
1-1: Swinging Strike
1-2: Strikes out swinging
Top of the 3rd over - 1 run, 2 hits, 0 errors, 1 left on base; Kalamazoo 2 - Hendersonville 0
BOTTOM OF THE 3RD
Hendersonville Hitmen batting - Pitching for Kalamazoo Royale with Cheese : RHP Jason Taylor
Batting: RHB Felipe Jareño 0-0: Ball
1-0: Foul Ball, location: 2F
1-1: Ball
2-1: Foul Ball, location: 2F
2-2: Strikes out swinging
Batting: RHB Ron Glass 0-0: Called Strike
0-1: Ball
1-1: Ball
2-1: Ball
3-1: Called Strike
3-2: Base on Balls
Batting: RHB Rafael González 0-0: Called Strike
Ron Glass steals 2nd base
0-1: Ground out 4-3 (Groundball, 4)
Ron Glass to third
Batting: SHB José Estreito 0-0: Ball
1-0: Called Strike
1-1: SINGLE (Groundball, 34D)
Ron Glass scores
Batting: SHB Miguel González 0-0: Ball
José Estreito steals 2nd base
1-0: Foul Ball, location: 2F
1-1: Swinging Strike
1-2: Fly out, F9 (Flyball, 9LDF)
Bottom of the 3rd over - 1 run, 1 hit, 0 errors, 1 left on base; Kalamazoo 2 - Hendersonville 1
TOP OF THE 4TH
Kalamazoo Royale with Cheese batting - Pitching for Hendersonville Hitmen : RHP Tim Hill
Batting: LHB Bill McJannett 0-0: Ball
1-0: Foul Ball, location: 2F
1-1: Foul Ball, location: 2F
1-2: Ball
2-2: Strikes out looking
Batting: LHB Ron Robinson 0-0: Called Strike
0-1: Ground out 4-3 (Groundball, 4S)
Batting: LHB Francisco Calderón 0-0: Ball
1-0: Hit by Pitch
Batting: LHB Keith Tillman 0-0: Hit by Pitch
Francisco Calderón to second
Batting: LHB Javier Espinoza 0-0: Called Strike
0-1: Called Strike
0-2: Ball
1-2: Ball
2-2: Foul Ball, location: 2F
2-2: SINGLE (Line Drive, 78S)
Francisco Calderón to third
Keith Tillman to second
Pitching: RHP Bret McJannett
Batting: SHB Caden Keith 0-0: Called Strike
0-1: Hit by Pitch
Francisco Calderón scores
Keith Tillman to third
Javier Espinoza to second
Batting: LHB Vincente Sáenz 0-0: Called Strike
0-1: Called Strike
0-2: Ball
1-2: Ball
2-2: Ground out 1-3 (Groundball, 13)
Top of the 4th over - 1 run, 1 hit, 0 errors, 3 left on base; Kalamazoo 3 - Hendersonville 1
BOTTOM OF THE 4TH
Hendersonville Hitmen batting - Pitching for Kalamazoo Royale with Cheese : RHP Jason Taylor
Batting: LHB Tommy Payne 0-0: Called Strike
0-1: Called Strike
0-2: Ball
1-2: Ball
2-2: Ball
3-2: Base on Balls
Batting: LHB Robert Phillips 0-0: Ball
1-0: Ball
2-0: Called Strike
2-1: SINGLE (Line Drive, 7S)
Tommy Payne to second
Batting: SHB Rick Turner 0-0: Ball
1-0: Swinging Strike
1-1: Foul Ball, location: 2F
1-2: Foul Ball, location: 2F
1-2: Ball
2-2: Fly out, F7 (Flyball, 7D)
Runner from 2nd tags up, SAFE at 3rd, no throw
Batting: LHB Pedro Rodríguez 0-0: Ball
1-0: Ball
2-0: Called Strike
2-1: Foul Ball, location: 2F
2-2: Strikes out swinging
Batting: RHB Felipe Jareño 0-0: Ball
1-0: Called Strike
1-1: Swinging Strike
1-2: Ball
2-2: Fly out, F7 (Flyball, 7)
Bottom of the 4th over - 0 runs, 1 hit, 0 errors, 2 left on base; Kalamazoo 3 - Hendersonville 1
TOP OF THE 5TH
Kalamazoo Royale with Cheese batting - Pitching for Hendersonville Hitmen : RHP Bret McJannett
Batting: LHB Roberto Sandoval 0-0: DOUBLE (Line Drive, 9LD)
Batting: RHB Zander Tremblett 0-0: Ball
1-0: Swinging Strike
1-1: SINGLE (Flyball, 8LM)
Roberto Sandoval to third
Batting: LHB Bill McJannett 0-0: Called Strike
0-1: Swinging Strike
0-2: Ball
1-2: Ball
2-2: Ball
3-2: Base on Balls
Zander Tremblett to second
Batting: LHB Ron Robinson 0-0: Foul Ball, location: 2F
0-1: DOUBLE (Line Drive, 78D)
Roberto Sandoval scores
Zander Tremblett scores
Bill McJannett to third
Runner from 3rd tries for Home, SAFE, no throw
Batting: LHB Francisco Calderón 0-0: Ball
1-0: Ball
2-0: Ball
3-0: Swinging Strike
3-1: Foul Ball, location: 2F
3-2: Strikes out swinging
Batting: LHB Keith Tillman 0-0: Called Strike
0-1: Ground out 6-3 (Groundball, 56D)
Batting: LHB Javier Espinoza 0-0: Called Strike
0-1: Ball
1-1: Ground out 6-3 (Groundball, 56)
Top of the 5th over - 3 runs, 3 hits, 0 errors, 1 left on base; Kalamazoo 6 - Hendersonville 1
BOTTOM OF THE 5TH
Hendersonville Hitmen batting - Pitching for Kalamazoo Royale with Cheese : RHP Jason Taylor
Batting: RHB Ron Glass 0-0: Ball
1-0: Ball
2-0: Called Strike
2-1: Ball
3-1: Base on Balls
Batting: RHB Rafael González 0-0: Fielders Choice at 2nd, 4-6 (Groundball, 4)
Batting: SHB José Estreito 0-0: Ball
Rafael González is caught stealing 2nd base
1-0: Ball
2-0: Called Strike
2-1: Ball
3-1: Base on Balls
Batting: SHB Miguel González 0-0: Ball
1-0: Ball
2-0: Ball
3-0: Foul Ball, location: 2F
3-1: Called Strike
3-2: DOUBLE (Line Drive, 9D)
José Estreito to third
José Estreito scores
Batting: LHB Tommy Payne 0-0: Ground out 4-3 (Groundball, 4M)
Bottom of the 5th over - 1 run, 1 hit, 0 errors, 1 left on base; Kalamazoo 6 - Hendersonville 2
TOP OF THE 6TH
Kalamazoo Royale with Cheese batting - Pitching for Hendersonville Hitmen : RHP Bret McJannett
Pitching: RHP Tony Murillo
Batting: SHB Caden Keith 0-0: Ball
1-0: Ball
2-0: Ball
3-0: Called Strike
3-1: Called Strike
3-2: Foul Ball, location: 2F
3-2: Base on Balls
Batting: LHB Vincente Sáenz 0-0: Swinging Strike
0-1: Ball
1-1: Fielders Choice at 2nd, 1-6 (Groundball, 13S)
Batting: LHB Roberto Sandoval 0-0: Swinging Strike
0-1: Ball
1-1: Ground out 3-1 (Groundball, 34)
Vincente Sáenz to second
Batting: RHB Zander Tremblett 0-0: Called Strike
0-1: Ground out 6-3 (Groundball, 6S)
Top of the 6th over - 0 runs, 0 hits, 0 errors, 1 left on base; Kalamazoo 6 - Hendersonville 2
BOTTOM OF THE 6TH
Hendersonville Hitmen batting - Pitching for Kalamazoo Royale with Cheese : RHP Jason Taylor
Batting: LHB Robert Phillips 0-0: Ball
1-0: Ball
2-0: Fly out, F5 (Line Drive, 5L)
Batting: SHB Rick Turner 0-0: Called Strike
0-1: Foul Ball, location: 2F
0-2: Foul Ball, location: 2F
0-2: Ball
1-2: Foul Ball, location: 2F
1-2: Foul Ball, location: 2F
1-2: Strikes out swinging
Batting: LHB Pedro Rodríguez 0-0: Called Strike
0-1: Ground out U3 (Groundball, 3)
Bottom of the 6th over - 0 runs, 0 hits, 0 errors, 0 left on base; Kalamazoo 6 - Hendersonville 2
TOP OF THE 7TH
Kalamazoo Royale with Cheese batting - Pitching for Hendersonville Hitmen : RHP Tony Murillo
Batting: LHB Bill McJannett 0-0: Ball
1-0: Called Strike
1-1: Foul Ball, location: 2F
1-2: Foul Ball, location: 2F
1-2: Ground out 2-3 (Groundball, 13S)
Batting: LHB Ron Robinson 0-0: Called Strike
0-1: Swinging Strike
0-2: Strikes out swinging
Batting: LHB Francisco Calderón 0-0: Called Strike
0-1: Called Strike
0-2: Ball
1-2: Foul Ball, location: 2F
1-2: Ball
2-2: Ground out 6-3 (Groundball, 6)
Top of the 7th over - 0 runs, 0 hits, 0 errors, 0 left on base; Kalamazoo 6 - Hendersonville 2
BOTTOM OF THE 7TH
Hendersonville Hitmen batting - Pitching for Kalamazoo Royale with Cheese : RHP Jason Taylor
Pitching: RHP Armen Boyajian
Batting: RHB Felipe Jareño 0-0: Swinging Strike
0-1: Ball
1-1: Fly out, F1 (Line Drive, 13)
Batting: LHB Jeff Cole 0-0: Ball
1-0: Called Strike
1-1: Swinging Strike
1-2: Fly out, F6 (Popup, P)
Batting: RHB Rafael González 0-0: Ground out 6-3 (Groundball, 6D)
Bottom of the 7th over - 0 runs, 0 hits, 0 errors, 0 left on base; Kalamazoo 6 - Hendersonville 2
TOP OF THE 8TH
Kalamazoo Royale with Cheese batting - Pitching for Hendersonville Hitmen : RHP Tony Murillo
Batting: LHB Keith Tillman 0-0: Foul Ball, location: 2F
0-1: Fly out, F9 (Line Drive, 9)
Batting: LHB Javier Espinoza 0-0: Ball
1-0: SINGLE (Groundball, 6MD)
Batting: SHB Caden Keith 0-0: Ball
1-0: Foul Ball, location: 2F
1-1: Ball
2-1: Ball
3-1: Called Strike
3-2: SINGLE (Flyball, 8LS)
Javier Espinoza to second
Batting: LHB Vincente Sáenz 0-0: Ball
1-0: Called Strike
1-1: Foul Ball, location: 2F
1-2: Ball
2-2: Strikes out swinging
Batting: LHB Roberto Sandoval 0-0: Ball
1-0: Called Strike
1-1: Ball
2-1: Foul Ball, location: 2F
2-2: Foul Ball, location: 2F
2-2: SINGLE (Groundball, 34D)
Javier Espinoza to third
Caden Keith to second
Runner from 3rd tries for Home, SAFE, throw made home
Batting: RHB Zander Tremblett 0-0: Called Strike
0-1: Ground out 2-3 (Groundball, 13S)
Top of the 8th over - 1 run, 3 hits, 0 errors, 2 left on base; Kalamazoo 7 - Hendersonville 2
BOTTOM OF THE 8TH
Hendersonville Hitmen batting - Pitching for Kalamazoo Royale with Cheese : RHP Armen Boyajian
Batting: SHB José Estreito 0-0: Ball
1-0: Called Strike
1-1: Ground out 6-3 (Groundball, 6M)
Batting: SHB Miguel González 0-0: Ball
1-0: Foul Ball, location: 2F
1-1: Foul Ball, location: 2F
1-2: Ball
2-2: Ground out 5-3 (Groundball, 56)
Batting: LHB Tommy Payne 0-0: Called Strike
0-1: Ball
1-1: Called Strike
1-2: Ball
2-2: Ball
3-2: Fly out, F8 (Flyball, 8RD)
Bottom of the 8th over - 0 runs, 0 hits, 0 errors, 0 left on base; Kalamazoo 7 - Hendersonville 2
TOP OF THE 9TH
Kalamazoo Royale with Cheese batting - Pitching for Hendersonville Hitmen : RHP Tony Murillo
Pitching: RHP Matthew Scott
Batting: LHB Bill McJannett 0-0: Called Strike
0-1: Ball
1-1: Ball
2-1: Foul Ball, location: 2F
2-2: Ball
3-2: Foul Ball, location: 2F
3-2: Fly out, F6 (Line Drive, 6)
Batting: LHB Ron Robinson 0-0: Called Strike
0-1: Ball
1-1: SINGLE (Groundball, 34S) (infield hit)
Batting: LHB Francisco Calderón 0-0: Ball
1-0: Reached on error, E3 (Groundball, 34)
Ron Robinson to second
Batting: LHB Keith Tillman 0-0: Fielders Choice at 2nd, 4-6 (Groundball, 4)
Ron Robinson to third
Batting: LHB Javier Espinoza 0-0: Ball
1-0: Fielders Choice at 2nd, 5-4 (Groundball, 5)
Top of the 9th over - 0 runs, 1 hit, 1 error, 2 left on base; Kalamazoo 7 - Hendersonville 2
BOTTOM OF THE 9TH
Hendersonville Hitmen batting - Pitching for Kalamazoo Royale with Cheese : RHP Armen Boyajian
Batting: LHB Robert Phillips 0-0: Ball
1-0: Ball
2-0: Ball
3-0: Called Strike
3-1: DOUBLE (Line Drive, 89S)
Batting: SHB Rick Turner 0-0: Ball
1-0: Ground out 5-3 (Groundball, 56)
Batting: LHB Pedro Rodríguez 0-0: Foul Ball, location: 2F
0-1: Foul Ball, location: 2F
0-2: Fly out, F6 (Popup, 15)
Batting: RHB Felipe Jareño 0-0: Ball
1-0: Swinging Strike
1-1: Called Strike
1-2: Ball
2-2: Ball
3-2: Strikes out swinging
Bottom of the 9th over - 0 runs, 1 hit, 0 errors, 1 left on base; Kalamazoo 7 - Hendersonville 2
Saturday, December 16th, 2017 - OOTP Baseball 18.8 Build 76